 Dungeon Crawl Stone Soup version 0.29-a0-234-g0dae59b3db (webtiles) character file.

Game seed: 427070284839241951

389 HotDog the Covered (level 6, -9/55 HPs)
             Began as a Minotaur Fighter on Mar 3, 2022.
             Mangled by Menkaure (20 damage)
             ... on level 7 of the Dungeon.
             The game lasted 00:03:18 (2907 turns).

HotDog the Covered (Minotaur Fighter)               Turns: 2907, Time: 00:03:19

Health: -9/55      AC:  9    Str: 22    XL:     6   Next: 50%
Magic:  6/6        EV:  8    Int:  5    God:
Gold:   145        SH:  4    Dex: 10    Spells: 5/5 levels left

rFire   . . .      SeeInvis .   a - +0 long sword
rCold   . . .      Faith    .   c - +0 buckler
rNeg    . . .      Spirit   .   l - +0 chain mail
rPois   .          Reflect  .   (helmet restricted)
rElec   .          Harm     .   (no cloak)
rCorr   .          Rampage  .   (no gloves)
Will    .....                   (no boots)
Stlth   ..........              (no amulet)
HPRegen 0.18/turn               (no ring)
MPRegen 0.10/turn               (no ring)

@: mighty
A: horns 2, retaliatory headbutt
a: no special abilities


You were on level 7 of the Dungeon.
You visited 1 branch of the dungeon, and saw 5 of its levels.

You collected 145 gold pieces.

Inventory:

Hand Weapons
 a - a +0 long sword (weapon)
Armour
 c - a +0 buckler (worn)
 l - a +0 chain mail (worn)
Scrolls
 b - a scroll of noise {unknown}
 h - a scroll of teleportation {unknown}
 i - 2 scrolls of magic mapping
 k - a scroll of torment
Potions
 d - a potion of might
 e - a potion of mutation
 f - 2 potions of degeneration
 g - a potion of attraction {unknown}
 j - a potion of lignification {unknown}


   Skills:
 * Level 4.9 Fighting
 * Level 4.6 Long Blades
 * Level 5.4 Armour
 * Level 1.7 Dodging
 * Level 4.5 Shields
 * Level 2.0 Invocations


You had 5 spell levels left.
You didn't know any spells.
Your spell library contained the following spells:

 Spells                   Type           Power      Damage    Failure   Level
 Magic Dart               Conj           0%         1d3       99%         1
 Call Imp                 Summ           0%         N/A       100%        2
 Mephitic Cloud           Conj/Pois/Air  0%         N/A       100%        3


Dungeon Overview and Level Annotations

Branches:
Dungeon (4/15)
 Temple: D:4-7

Altars:
Elyvilon
Ru

Annotations:
D:7 Menkaure


Innate Abilities, Weirdness & Mutations

You have a pair of horns on your head.
You reflexively headbutt those who attack you in melee.


Message History

You pick up a book of Minor Magic and begin reading...
You add the spells Magic Dart, Call Imp and Mephitic Cloud to your library.
No target in view!
Key pressed, stopping explore.
No target in view!
Key pressed, stopping explore.
No target in view!
Key pressed, stopping explore.
No target in view!
d - 2 potions of might (gained 1) Menkaure, Prince of Dust comes into view.
Menkaure shouts!
Menkaure gestures wildly while chanting.
Menkaure seems to speed up.
Menkaure is nearby!
Menkaure is nearby!
Menkaure hits you.
You slash Menkaure! You headbutt Menkaure.
Menkaure is heavily damaged.
Menkaure calls on the powers of darkness!
Your body is wracked with pain!
You hit Menkaure but do no damage.
Menkaure is heavily damaged.
Menkaure gestures ominously.
Menkaure hits you but does no damage. x2
You hit Menkaure but do no damage.
Menkaure is heavily damaged.
Menkaure calls on the powers of darkness!
Your body is wracked with pain!
* * * LOW HITPOINT WARNING * * *
You completely miss Menkaure. You headbutt Menkaure.
Menkaure is severely damaged.
Menkaure gestures at you while chanting.
Pain shoots through your body!
* * * LOW HITPOINT WARNING * * *
You feel very mighty all of a sudden. Menkaure hits you.
* * * LOW HITPOINT WARNING * * *
Menkaure hits you!!
You die...

###.....#.......####
##.......#.........).
##........##.........#
#........###.........#
##.......# #.........#
#.......# #.........#
#.......# ##........#
#.......# ########.#
#...@...# #.#
#...M...# #.#
##......# #.# #......#
#.# ##.....# #.#
#.....# #.# ......#
#.# ......#


You could see Menkaure (fast).

Vanquished Creatures
  Sigmund (D:2)
  A black bear (D:3)
  A hound (D:3)
  Terence (D:2)
  An adder (D:3)
  3 dart slugs
  4 orcs (D:3)
  9 bats
  4 endoplasms
  3 giant cockroaches
  6 goblins
  5 hobgoblins
  4 jackals (D:2)
  3 quokkas
  7 ball pythons
  4 frilled lizards
  8 kobolds
  3 rats
68 creatures vanquished.

Notes
Turn   | Place    | Note
-------+----------+-------------------------------------------
     0 | D:1      | HotDog the Minotaur Fighter began the quest for the Orb.
     0 | D:1      | Reached XP level 1. HP: 19/19 MP: 0/0
   385 | D:1      | Reached XP level 2. HP: 26/27 MP: 1/1
   575 | D:1      | Reached skill level 4 in Armour
   976 | D:2      | Noticed Sigmund
   985 | D:2      | Killed Sigmund
   986 | D:2      | Reached skill level 5 in Armour
   986 | D:2      | Reached skill level 1 in Dodging
   986 | D:2      | Reached skill level 1 in Invocations
   986 | D:2      | Reached XP level 3. HP: 13/34 MP: 1/3
   986 | D:2      | Reached XP level 4. HP: 15/41 MP: 1/4
   986 | D:2      | Reached XP level 5. HP: 18/47 MP: 1/5
  1604 | D:2      | Found a sacrificial altar of Ru.
  1624 | D:2      | Noticed Terence
  1632 | D:2      | Killed Terence
  1901 | D:3      | Found a faded altar of an unknown god.
  2217 | D:3      | Reached XP level 6. HP: 50/53 MP: 6/6
  2700 | D:3      | Found a white marble altar of Elyvilon.
  2766 | D:4      | You fall into a shaft and drop 3 floors!
  2899 | D:7      | Noticed Menkaure
  2907 | D:7      | Mangled by Menkaure

Illustrated notes

Levels and vault maps discovered:
D:1:      dpeg_arrival_renting, layout_rooms, amcnicky_mini_corridor_feature,
          minmay_misc_feat_rows, st_stairs_12
D:2:      layout_rooms, basic_altar, serial_corexii_hall,
          corexii_hall_statues_deadend, chequers_hall_statues_corner_a,
          chequers_hall_statues_corner_a, corexii_hall_statues_s, uniq_terence,
          uniq_sigmund
D:3:      layout_basic, mainiacjoe_overflow_alcove_2,
          ebering_ecumenical_altar_sacrificial
D:4:      layout_basic, ldierk_geyser, uniq_pikel
D:7:      layout_cave_pods, nemelex_dance_club_becter, uniq_menkaure,
          uniq_crazy_yiuf_cottage

Skill      XL: |  1  2  3  4  5  6 |
---------------+-------------------+-----
Armour         | 5 |  5.4
Fighting       | 4 |  4.9
Long Blades    | 3 4 |  4.6
Dodging        | 1 |  1.7
Shields        | 4 |  4.5
Invocations    | 1 2 |  2.0

Action                   |  1- 3 |  4- 6 || total
-------------------------+-------+-------++-------
Melee: Long sword        |    58 |   101 ||   159
       Headbutt          |     9 |    22 ||    31
  Use: Potion            |     1 |     1 ||     2
       Scroll            |       |     4 ||     4
Armor: Scale mail        |    40 |    37 ||    77
       Chain mail        |       |    20 ||    20
Dodge: Dodged            |    29 |    32 ||    61
Block: Buckler           |     9 |    20 ||    29

Table legend: (Time is in decaauts)
 A = Elapsed time spent in this place.
 B = Non-inter-level travel time spent in this place.
 C = Inter-level travel time spent in this place.
 D = Time resting spent in this place.
 E = Time spent auto-exploring this place.
 F = Levels seen in this place.
 G = Mean time per level.
                   A        B        C        D        E       F      G
               +--------+--------+--------+--------+--------+-----+--------+
         Total |   2948 |   2856 |     92 |    178 |   2229 |   5 |  589.6 |
       Dungeon |   2948 |   2856 |     92 |    178 |   2229 |   5 |  589.6 |
               +--------+--------+--------+--------+--------+-----+--------+

Top non-repeatable levels by time:
     D:1: 982 daAuts
     D:3: 943 daAuts
     D:2: 881 daAuts
     D:7: 141 daAuts
